 Dungeon Crawl Stone Soup version 0.26-a0-670-g578ab304f5 (webtiles) character file.

Game seed: 18211211048520557491

(classic levelgen) 8 EnegeticOcto the Digger (level 2, 0/17 HPs)
             Began as a Halfling Earth Elementalist on Oct 19, 2020.
             Slain by a leopard gecko (4 damage)
             ... on level 1 of the Dungeon.
             The game lasted 00:01:26 (151 turns).

EnegeticOcto the Digger (HaEE)                       Turns: 151, Time: 00:01:26

Health: 0/17       AC:  2    Str:  9    XL:     2   Next: 15%
Magic:  0/4        EV: 15    Int: 13    God:
Gold:   0          SH:  0    Dex: 14    Spells: 3/4 levels left

rFire    . . .     SeeInvis .   d - +3 dagger (speed)
rCold    . . .     Faith    .   (shield restricted)
rNeg     . . .     Spirit   .   c - +0 robe
rPois    .         Reflect  .   (no helmet)
rElec    .         Harm     .   (no cloak)
rCorr    .         Rampage  .   (no gloves)
MR       .....                  (no boots)
Stlth    ++........             (no amulet)
HPRegen  0.05/turn              (no ring)
MPRegen  0.09/turn              (no ring)

@: no status effects
A: small, mutation resistance 1
a: no special abilities


You were on level 1 of the Dungeon.
You visited 1 branch of the dungeon, and saw 2 of its levels.

Inventory:

Hand Weapons
 a - a +0 dagger
 d - a +3 dagger of speed (weapon)
Missiles
 b - 25 stones (quivered)
Armour
 c - a +0 robe (worn)


   Skills:
 - Level 2.1 Dodging
 - Level 2.1 Stealth
 - Level 1.5 Spellcasting
   Level 0.5 Transmutations
 + Level 3.5 Earth Magic


You had 3 spell levels left.
You knew the following spells:

 Your Spells              Type           Power        Failure   Level
a - Sandblast             Erth           ##....       6%          1

Your spell library contained the following spells:

 Spells                   Type           Power        Failure   Level
 Passwall                 Tmut/Erth      #.......     17%         2
 Stone Arrow              Conj/Erth      #.....       36%         3
 Petrify                  Tmut/Erth      #.......     75%         4
 Lee's Rapid Deconstruct  Erth           ##........   86%         5


Dungeon Overview and Level Annotations

Branches:
Dungeon (2/15)

Altars:

Annotations:
D:2 Robin


Innate Abilities, Weirdness & Mutations

You are small and have problems with some larger weapons.
You are somewhat resistant to further mutation.


Message History

You swing at nothing.
You swing at nothing.
You swing at nothing.
You swing at nothing.
You swing at nothing.
You swing at nothing.
You swing at nothing.
You swing at nothing.
You swing at nothing.
You swing at nothing.
You swing at nothing.
You swing at nothing.
You swing at nothing.
You swing at nothing.
You swing at nothing.
You swing at nothing.
You swing at nothing.
You swing at nothing.
You swing at nothing.
You swing at nothing.
A ball python comes into view.
Casting: Sandblast (safe; 8% risk of failure)
Confirm with . or Enter, or press ? or * to list all spells.
Aiming: Sandblast (safe; 8% risk of failure)
Press: ? - help, Shift-Dir - straight line, f - goblin
Aim: a goblin, wielding a +3 dagger of speed (asleep)
You miscast Sandblast.
You are very lightly contaminated with residual magic.
Nothing appears to happen.
Casting: Sandblast (safe; 8% risk of failure)
Confirm with . or Enter, or press ? or * to list all spells.
Aiming: Sandblast (safe; 8% risk of failure)
Press: ? - help, Shift-Dir - straight line, f/p - goblin
Aim: a goblin, wielding a +3 dagger of speed (asleep)
The blast of sand hits the goblin.
You kill the goblin!
b - 27 stones
Casting: Sandblast (safe; 7% risk of failure)
Confirm with . or Enter, or press ? or * to list all spells.
Aiming: Sandblast (safe; 7% risk of failure)
Press: ? - help, Shift-Dir - straight line, f - goblin
Aim: a goblin The blast of sand hits the goblin!
You kill the goblin!
b - 26 stones The ball python hisses angrily. 2 goblins come into view.
The bat closely misses you.
A rat, 4 goblins and Robin come into view.
Robin moves out of view.
Things that are here:
a +3 dagger of speed; a goblin corpse; a goblin corpse Your hands tingle!
d - a +3 dagger of speed (weapon)
The bat hits you.
You hit the bat.
You kill the bat!
You have reached level 2!
Your magical contamination has completely faded away.
You hit the ball python.
The ball python is severely wounded.
You closely miss the ball python.
The ball python is severely wounded.
The ball python misses you. The ball python grabs you.
The ball python constricts you.
You hit the ball python.
You kill the ball python!
The goblin hits you with a +0 dagger.
You see here a ball python corpse.
Press: ? - help, v - describe, . - travel
Here: a goblin, wielding a +0 dagger The floor, spattered with blood.
Casting: Sandblast (safe; 6% risk of failure)
Confirm with . or Enter, or press ? or * to list all spells.
You don't have enough magic to cast that spell.
Robin roars a battlecry!
The goblin goes into a battle-frenzy!
You hear a shout! x3
You hear a shout! x3
There is a stone staircase leading up here.
The goblin barely misses you.
You climb upwards.
The leopard gecko hisses angrily.
The hobgoblin hits you with a +0 club. x2
* * * LOW HITPOINT WARNING * * *
There is a stone staircase leading down here.
You aren't carrying any potions.
You aren't carrying any scrolls.
Unknown command.
The goblin closely misses you. The hobgoblin closely misses you.
Casting: Sandblast (safe; 6% risk of failure)
Confirm with . or Enter, or press ? or * to list all spells.
Aiming: Sandblast (safe; 6% risk of failure)
Press: ? - help, Shift-Dir - straight line, f - goblin
Aim: a goblin, wielding a +0 dagger (strong)
The blast of sand hits the goblin!
You kill the goblin!
b - 25 stones The leopard gecko bites you.
You die...

#..# #..# #..#
#..# ###
#..### .. ##.
#..#.# .#...
#....##..#
#..##Kg#
#..##)@#
#....##l......
#..#. .#....#
#..## ## ####
####


You could see a leopard gecko, a hobgoblin and a kobold.

Vanquished Creatures
  A bat (D:2)
  A hobgoblin (D:1)
  A ball python (D:2)
  4 goblins
7 creatures vanquished.

Notes
Turn   | Place    | Note
-------+----------+-------------------------------------------
     0 | D:1      | EnegeticOcto the Halfling Earth Elementalist began the
                  | quest for the Orb.
     0 | D:1      | Reached XP level 1. HP: 11/11 MP: 3/3
    98 | D:2      | Found a faded altar of an unknown god.
   137 | D:2      | Noticed Robin
   139 | D:2      | Reached XP level 2. HP: 8/17 MP: 0/4
   151 | D:1      | Slain by a leopard gecko

Illustrated notes

Levels and vault maps discovered:
D:1:      mainiacjoe_arrival_reflecting_pool, layout_basic,
          minmay_misc_feat_alley, st_stairs_7
D:2:      layout_basic, old_standard_altar, chequers_ecumenical_altar_island,
          uniq_robin, uniq_terence

Action                   || total
-------------------------++-------
Melee: Dagger            ||     7
 Cast: Sandblast         ||    11
Armor: Robe              ||     2
Dodge: Dodged            ||    10

Table legend: (Time is in decaauts)
 A = Elapsed time spent in this place.
 B = Non-inter-level travel time spent in this place.
 C = Inter-level travel time spent in this place.
 D = Time resting spent in this place.
 E = Time spent auto-exploring this place.
 F = Levels seen in this place.
 G = Mean time per level.
                   A        B        C        D        E       F      G
               +--------+--------+--------+--------+--------+-----+--------+
         Total |    160 |    160 |      0 |      0 |      0 |   2 |   80.0 |
       Dungeon |    160 |    160 |      0 |      0 |      0 |   2 |   80.0 |
               +--------+--------+--------+--------+--------+-----+--------+

Top non-repeatable levels by time:
     D:1: 100 daAuts
     D:2: 60 daAuts
